[Event "Titled Tuesday Blitz January 17 Late 2023"]
[White "Moroni, Luca Jr"]
[Black "Vovk, Orest"]
[WhiteFideId "865834"]
[BlackFideId "14113490"]
[WhiteElo "2535"]
[BlackElo "2315"]
[Result "1-0"]
[Round "03"]
[TimeControl "180+2"]
[Date "2023.01.17"]
[WhiteClock "0:00:56"]
[BlackClock "0:00:02"]

1. d4 e5 2. dxe5 Nc6 3. Nf3 Qe7 4. g3 Nxe5 5. Nxe5 Qxe5 6. Bg2 Qd6 7. Nd2 Nf6 8. O-O Be7 9. b3 Qe5 10. Rb1 d5 11. Bb2 Qh5 12. e4 Qxd1 13. Rbxd1 dxe4 14. Nxe4 Nxe4 15. Bxe4 O-O 16. Rfe1 Bd6 17. Kg2 a5 18. a4 Rb8 19. Bc3 b6 20. Bc6 Bb7 21. Bxb7 Rxb7 22. Be5 Bxe5 23. Rxe5 c5 24. c4 g6 25. Rd6 Kg7 26. g4 h6 27. h4 Rc8 28. Kg3 Rcc7 29. g5 hxg5 30. hxg5 Rd7 31. Red5 Re7 32. Rf6 Re1 33. Rdd6 Rb1 34. Rd3 Rb2 35. Rc6 Re2 36. f3 Re5 37. Kg4 Re1 38. Rd8 Ree7 39. Rcc8 f5+ 40. Kf4 Kf7 41. Rf8+ Ke6 42. Rf6+ Kd7 43. Rcc6 Rh7 44. Rfd6+ Ke7 45. Rxg6 Kd7 46. Rxb6 Rxb6 47. Rxb6 Rh4+ 48. Kxf5 Rh6 49. Rb7+ 1-0


[Site "https://www.chess.com"]

[Event "Titled Tuesday Blitz January 17 Late 2023"]
[White "Strahov, Andrej"]
[Black "Yanchenko, Roman"]
[WhiteFideId "4165489"]
[BlackFideId "4137329"]
[WhiteElo "2398"]
[BlackElo "2466"]
[Result "1/2-1/2"]
[Round "03"]
[TimeControl "180+2"]
[Date "2023.01.17"]
[WhiteClock "0:00:23"]
[BlackClock "0:00:48"]

1. e4 e6 2. d4 d5 3. Nc3 Bb4 4. Ne2 Nf6 5. Bg5 h6 6. Bxf6 Qxf6 7. a3 Bxc3+ 8. Nxc3 c6 9. e5 Qe7 10. Bd3 b6 11. Ne2 Ba6 12. O-O O-O 13. c3 Bxd3 14. Qxd3 c5 15. f4 f5 16. exf6 Rxf6 17. Ng3 Nc6 18. Rae1 Raf8 19. f5 cxd4 20. cxd4 Qd6 21. fxe6 Rxf1+ 22. Nxf1 Qf4 23. Qe3 Qxd4 24. Qxd4 Nxd4 25. Ne3 Nxe6 26. Nxd5 Nd4 27. Re4 Nb3 28. Re7 Rf7 29. Re3 Nc5 30. b4 Nd7 31. Ne7+ Kh7 32. Nc6 Nf6 33. h3 Nd5 34. Rd3 Nf4 35. Rd8 Ne2+ 36. Kh2 Rc7 37. Rd6 Nc3 38. Nd4 Re7 39. Nf5 Rf7 40. g4 Nb5 41. Rd3 g6 42. Ne3 Rf2+ 43. Kg3 Ra2 44. Nc4 g5 45. Kf3 Kg7 46. Ne3 Rxa3 47. Rxa3 Nxa3 48. Ke4 a5 49. bxa5 bxa5 50. Kd5 Nb5 51. Kc5 Nc7 52. Kb6 a4 53. Kxc7 a3 54. Kd6 a2 55. Nc2 Kf6 56. Kd5 Kf7 57. Ke5 Ke7 58. Kf5 Kf7 59. Na1 Kg7 60. Ke6 Kg6 61. Nb3 Kg7 62. Ke7 Kg6 63. Ke6 Kg7 64. Kd5 Kf6 65. Kc4 Ke5 66. Kc3 Kf4 67. Kb2 Kg3 68. Kxa2 Kxh3 69. Kb2 Kxg4 70. Kc2 Kf3 71. Kd2 Kf2 72. Nc1 g4 73. Nd3+ Kf1 74. Ke3 g3 75. Nf4 g2 76. Nxg2 Kxg2 77. Kf4 Kh3 78. Kf3 h5 79. Kf2 Kh2 80. Kf1 h4 81. Kf2 h3 82. Kf1 Kh1 83. Kf2 h2 84. Kf1 1/2-1/2


[Site "https://www.chess.com"]

[Event "Titled Tuesday Blitz January 17 Late 2023"]
[White "Urazayev, Arystanbek"]
[Black "Kuznecovs, Nikita"]
[WhiteFideId "13709810"]
[BlackFideId "11604557"]
[WhiteElo "2460"]
[BlackElo "2287"]
[Result "1-0"]
[Round "03"]
[TimeControl "180+2"]
[Date "2023.01.17"]
[WhiteClock "0:00:08"]
[BlackClock "0:00:07"]

1. e4 e6 2. d4 d5 3. Nd2 Be7 4. Ngf3 Nf6 5. e5 Nfd7 6. Bd3 c5 7. c3 Nc6 8. O-O a5 9. a4 cxd4 10. cxd4 Nb4 11. Bb1 b6 12. Re1 Ba6 13. Nf1 Rc8 14. Ra3 Nb8 15. Ng3 h5 16. Ne2 Kd7 17. Nc3 Kc7 18. Nb5+ Kb7 19. Rc3 N8c6 20. h4 Bxb5 21. axb5 Na7 22. Qe2 Qd7 23. Bg5 Bf8 24. Rec1 Be7 25. Bxe7 Qxe7 26. Ng5 g6 27. Rxc8 Nxc8 28. Qf3 Rf8 29. Bd3 f6 30. exf6 Rxf6 31. Qe3 Nd6 32. Bf1 Nf5 33. Qf4 Qd6 34. Qe5 Qxe5 35. dxe5 Rf8 36. Rc7+ Kb8 37. Rh7 Nxh4 38. Nxe6 Re8 39. Nd4 Rxe5 40. Nc6+ Nxc6 41. bxc6 Re1 42. g3 Nf5 43. c7+ Kc8 44. Kg2 Nd6 45. Ba6+ Nb7 46. Rh8+ Kxc7 47. Rh7+ Kd6 48. Rxb7 Kc6 49. Rg7 Rb1 50. Rxg6+ Kc5 51. Rg5 Rxb2 52. Rxh5 a4 53. Rh1 a3 54. g4 a2 55. Ra1 b5 56. g5 b4 57. g6 b3 58. g7 Rxf2+ 59. Kxf2 b2 60. Rxa2 b1=Q 61. g8=Q Qxa2+ 62. Be2 Qa6 63. Bxa6 1-0


[Site "https://www.chess.com"]

[Event "Titled Tuesday Blitz January 17 Late 2023"]
[White "Gasparyan, David"]
[Black "Artemenko, Oleg"]
[WhiteFideId "13311980"]
[BlackFideId "14201798"]
[WhiteElo "2142"]
[BlackElo "2246"]
[Result "1-0"]
[Round "03"]
[TimeControl "180+2"]
[Date "2023.01.17"]
[WhiteClock "0:00:13"]
[BlackClock "0:00:09"]

1. e4 c5 2. g3 Nc6 3. Bg2 e6 4. Ne2 d5 5. d3 Nf6 6. O-O Be7 7. Nd2 O-O 8. c3 b6 9. h3 Ba6 10. Nf4 dxe4 11. Nxe4 Nd5 12. c4 Nxf4 13. Bxf4 Rc8 14. a3 Bb7 15. Re1 Qd7 16. Qd2 Rcd8 17. Rad1 Nd4 18. b4 f6 19. bxc5 bxc5 20. Qa5 e5 21. Be3 Ba8 22. Bxd4 cxd4 23. Rb1 Rb8 24. Rb5 Bc6 25. Rxb8 Rxb8 26. Nc5 Bxc5 27. Qxc5 Bxg2 28. Kxg2 Rc8 29. Qa5 Qb7+ 30. Kh2 Rb8 31. c5 Rc8 32. Rc1 Qf3 33. Kg1 Qxd3 34. c6 Qf5 35. Qd5+ Kh8 36. c7 h5 37. Qd8+ Kh7 38. Qe7 d3 39. Rd1 e4 40. Qd6 Qe5 41. Qxe5 fxe5 42. Rc1 Kg6 43. Kf1 Kf5 44. Ke1 g5 45. Kd2 h4 46. Ke3 hxg3 47. fxg3 a6 48. Rc6 d2 49. g4# 1-0


[Site "https://www.chess.com"]

[Event "Titled Tuesday Blitz January 17 Late 2023"]
[White "Kaplan, Avi Harrison"]
[Black "Ivanisevic, Ivan"]
[WhiteFideId "30934559"]
[BlackFideId "912417"]
[WhiteElo "2146"]
[BlackElo "2532"]
[Result "0-1"]
[Round "03"]
[TimeControl "180+2"]
[Date "2023.01.17"]
[WhiteClock "0:00:08"]
[BlackClock "0:00:10"]

1. Nf3 Nf6 2. b3 g6 3. Bb2 Bg7 4. g3 d6 5. Bg2 c5 6. O-O e5 7. d3 Nc6 8. Nbd2 O-O 9. e4 h6 10. Qe2 Be6 11. Rad1 Rc8 12. c3 Nh5 13. d4 exd4 14. cxd4 Nxd4 15. Nxd4 cxd4 16. Nf3 Re8 17. Nxd4 Bd7 18. Nf3 Qb6 19. Bxg7 Kxg7 20. Qd2 Nf6 21. Qxd6 Qxd6 22. Rxd6 Bb5 23. Re1 Nxe4 24. Rdd1 Nc3 25. Rxe8 Rxe8 26. Rd2 Bc6 27. h3 Re2 28. Rd3 Nxa2 29. Nd4 Re1+ 30. Kh2 Nb4 31. Rc3 Bxg2 32. Kxg2 Rd1 33. Nf3 Rd7 34. Rc4 Nc6 35. Ra4 a5 36. Rf4 Rd3 37. b4 axb4 38. Rc4 b3 39. Rc5 b2 40. Rb5 Rxf3 41. Rxb2 Rf6 42. Rxb7 g5 43. Rb2 Ne7 44. Rd2 Ng6 45. Ra2 Re6 46. Rc2 Kf6 47. Ra2 h5 48. Rb2 h4 49. Ra2 hxg3 50. fxg3 Re3 51. Rf2+ Ke6 52. Ra2 Ne5 53. Ra6+ Kf5 54. Ra5 Rd3 55. Ra2 Ke4 56. Re2+ Re3 57. Ra2 f5 58. Ra4+ Kd3 59. Ra3+ Kd4 60. Ra4+ Nc4 61. Ra2 Rd3 62. Ra8 Rd2+ 63. Kg1 Ke4 64. g4 f4 65. Rc8 Ne3 66. h4 gxh4 67. g5 h3 68. g6 Rg2+ 69. Kh1 Rxg6 70. Rc4+ Kf3 71. Rc1 Rd6 72. Rg1 Rd1 73. Rxd1 Nxd1 74. Kh2 Nf2 75. Kg1 Kg3 76. Kf1 h2 77. Ke2 h1=Q 78. Kd2 Qe4 79. Kc3 Qd3+ 80. Kb2 Ne4 81. Kc1 Qd2+ 82. Kb1 Nc3+ 83. Ka1 Qa2# 0-1


[Site "https://www.chess.com"]

[Event "Titled Tuesday Blitz January 17 Late 2023"]
[White "Vakhlamov, Igor L."]
[Black "Jovic, Stanoje"]
[WhiteFideId "24126748"]
[BlackFideId "905020"]
[WhiteElo "2413"]
[BlackElo "2075"]
[Result "0-1"]
[Round "03"]
[TimeControl "180+2"]
[Date "2023.01.17"]
[WhiteClock "0:00:01"]
[BlackClock "0:00:17"]

1. e4 c6 2. d4 d5 3. exd5 cxd5 4. c4 Nf6 5. Nc3 Nc6 6. Nf3 Bg4 7. cxd5 Nxd5 8. h3 Bxf3 9. Qxf3 e6 10. Bb5 Be7 11. O-O O-O 12. Nxd5 exd5 13. Be3 Bf6 14. Rfd1 Qb6 15. Bxc6 bxc6 16. b3 a5 17. Rac1 a4 18. Rd3 axb3 19. axb3 Rfe8 20. Rdc3 Re6 21. Qg4 h6 22. Kh1 Ra3 23. Bxh6 Bxd4 24. Rg3 Rxh6 25. Qc8+ Kh7 26. Qf5+ Rg6 27. Qxf7 c5 28. Qxd5 Qf6 29. Qe4 Qe6 30. Qh4+ Rh6 31. Qg5 Ra2 32. Rd1 Qf6 33. Qg4 Rxf2 34. Qe4+ Kg8 35. Qd5+ Qf7 36. Qa8+ Kh7 37. Qe4+ Qf5 38. Qxf5+ Rxf5 39. b4 Bf2 40. Rb3 c4 41. Rc3 Rc6 42. Rdc1 Rf4 43. b5 Rb6 44. Rxc4 Rxc4 45. Rxc4 Rxb5 46. g4 Bh4 47. Rc3 Rb2 48. Kg1 Kg6 49. Rd3 Kg5 50. Rf3 Rc2 51. Kf1 Ra2 52. Kg1 Kg6 53. Kf1 Bf6 54. Kg1 Kg5 55. Rf5+ Kh4 56. Kf1 Kxh3 57. g5 Bd4 58. Rf4 Ba1 59. Re4 Kg3 60. Ke1 Kf3 61. Rc4 Ra5 0-1


[Site "https://www.chess.com"]

[Event "Titled Tuesday Blitz January 17 Late 2023"]
[White "Khandelwal, Ankush"]
[Black "Iniyan, P"]
[WhiteFideId "413470"]
[BlackFideId "25002767"]
[WhiteElo "2205"]
[BlackElo "2525"]
[Result "0-1"]
[Round "03"]
[TimeControl "180+2"]
[Date "2023.01.17"]
[WhiteClock "0:00:08"]
[BlackClock "0:00:38"]

1. e4 g6 2. d4 Bg7 3. Nc3 d6 4. Be3 a6 5. Qd2 b5 6. a3 Bb7 7. Nf3 Nd7 8. Bd3 c5 9. h4 cxd4 10. Bxd4 Ngf6 11. h5 Nxh5 12. Bxg7 Nxg7 13. Qh6 Ne6 14. Nd5 Nf6 15. Nxf6+ exf6 16. O-O-O Qb6 17. Qh4 g5 18. Qh6 Ke7 19. Rhe1 Qxf2 20. e5 dxe5 21. Rd2 Qg3 22. Rf1 Nf4 23. Nxe5 fxe5 24. Qb6 Bxg2 25. Bf5 Rhd8 26. Qc7+ Kf6 27. Rxd8 Rxd8 28. Qxd8+ Kxf5 29. Rd1 Be4 30. Qd7+ Kg6 31. Qe7 Ne6 32. Rf1 Nf4 33. Qxe5 Ne2+ 34. Kb1 Qxe5 0-1


[Site "https://www.chess.com"]

[Event "Titled Tuesday Blitz January 17 Late 2023"]
[White "Fernandez Guillen, Ernesto J."]
[Black "Goncalves, Davi Sulzbacher"]
[WhiteFideId "3512428"]
[BlackFideId "2154510"]
[WhiteElo "2477"]
[BlackElo "2282"]
[Result "1-0"]
[Round "03"]
[TimeControl "180+2"]
[Date "2023.01.17"]
[WhiteClock "0:00:03"]
[BlackClock "0:00:05"]

1. e4 g6 2. d4 Bg7 3. Nc3 d6 4. Be3 a6 5. f3 b5 6. Qd2 Nd7 7. h4 h5 8. Nh3 Nb6 9. Bd3 Bxh3 10. Rxh3 d5 11. e5 Nc4 12. Bxc4 bxc4 13. g4 e6 14. Qg2 Rb8 15. O-O-O c5 16. dxc5 Bxe5 17. f4 Bg7 18. f5 hxg4 19. Qxg4 Nh6 20. Bxh6 Bxh6+ 21. Kb1 gxf5 22. Qe2 Bg7 23. Rg3 Kf8 24. Rxg7 Kxg7 25. Qe5+ Kh7 26. Nxd5 exd5 27. Rg1 Rg8 28. Qxf5+ Kh6 29. Qf4+ Kh7 30. Qxf7+ Kh6 31. Qf4+ Kh7 32. Qf5+ Kh6 33. Qe6+ Kh7 34. Qf7+ Kh6 35. Rf1 Qf8 36. Rf6+ 1-0


[Site "https://www.chess.com"]

[Event "Titled Tuesday Blitz January 17 Late 2023"]
[White "Rojas Salas, Steven"]
[Black "Nazari, Arad"]
[WhiteFideId "3819434"]
[BlackFideId "12577324"]
[WhiteElo "2217"]
[BlackElo "2367"]
[Result "0-1"]
[Round "03"]
[TimeControl "180+2"]
[Date "2023.01.17"]
[WhiteClock "0:00:12"]
[BlackClock "0:01:03"]

1. c4 c5 2. Nf3 Nc6 3. e3 e5 4. Nc3 Nf6 5. d4 e4 6. d5 exf3 7. dxc6 bxc6 8. gxf3 Qc7 9. f4 d5 10. cxd5 Nxd5 11. Nxd5 cxd5 12. Qxd5 Bb7 13. Bb5+ Ke7 14. Qc4 Bxh1 15. Bd2 Bf3 16. Bb4 Kf6 17. Bc3+ Kg6 18. Qd3+ f5 19. Bd7 Be4 20. Qb5 a6 21. Qa4 Bf3 22. Be8+ Kh6 23. Bd7 Be7 24. Bxf5 Bf6 25. Be5 Qb7 26. a3 Rhf8 27. h4 Bxe5 28. fxe5 Rxf5 29. Qc2 Raf8 30. Qd2 Qe4 31. Rc1 Qxh4 32. Qd6+ g6 33. Rxc5 Qh1+ 34. Kd2 Qd1+ 35. Kc3 Qxd6 36. exd6 Rxc5+ 37. Kd4 Rd5+ 38. Kc4 Rc8+ 39. Kb3 Rb5+ 40. Ka4 Bd1+ 41. b3 Bxb3# 0-1


[Site "https://www.chess.com"]

[Event "Titled Tuesday Blitz January 17 Late 2023"]
[White "Boyer, Mahel"]
[Black "reevecanada"]
[WhiteFideId "45102422"]
[WhiteElo "2489"]
[BlackElo "2474"]
[Result "1-0"]
[Round "03"]
[TimeControl "180+2"]
[Date "2023.01.17"]
[WhiteClock "0:00:23"]
[BlackClock "0:00:40"]

1. d4 d5 2. Nf3 Nf6 3. Bf4 Bf5 4. Nbd2 Nbd7 5. g3 g6 6. Bg2 Bg7 7. O-O O-O 8. Nh4 Nh5 9. Nxf5 Nxf4 10. Nxe7+ Qxe7 11. gxf4 Bxd4 12. c3 Bg7 13. Bxd5 c6 14. Bg2 Rad8 15. e3 Nc5 16. Qe2 Nd3 17. Ne4 f5 18. Ng3 Nxf4 19. exf4 Qxe2 20. Nxe2 Rd2 21. Nd4 Rxb2 22. Rfb1 Rb6 23. Rxb6 axb6 24. Ne6 Ra8 25. Nxg7 Kxg7 26. Rb1 b5 27. c4 bxc4 28. Rxb7+ Kh6 29. Rb2 Ra3 30. Rc2 c3 31. Bxc6 Kh5 32. Bf3+ Kh4 33. Kg2 h6 34. h3 g5 35. fxg5 hxg5 36. Bd5 Kh5 37. Bb3 g4 38. hxg4+ Kxg4 39. Rxc3 Kh4 40. f4 Kg4 41. Bd1+ Kh4 42. Bb3 Kg4 43. Rc4 Kh4 44. Ra4 Rxa4 45. Bxa4 Kg4 46. Kf2 Kxf4 47. Bc6 Ke5 48. a4 Kd6 49. Bb5 Kc5 50. Kf3 Kb4 51. Kf4 Ka5 52. Kxf5 Kb4 53. Ke5 Ka5 54. Kd5 Kb6 55. Kd6 Ka5 56. Kc7 Kb4 57. Kb6 Ka3 58. a5 Ka2 59. a6 Ka1 60. a7 Kb2 61. a8=Q Kb1 62. Qc6 Kb2 63. Qg2+ Kb1 64. Kc5 Kc1 65. Kc4 Kb1 66. Kc3 Kc1 67. Qg1# 1-0


[Site "https://www.chess.com"]

[Event "Titled Tuesday Blitz January 17 Late 2023"]
[White "Radovanovic, Dusan"]
[Black "Averjanov, Alexey"]
[WhiteFideId "926868"]
[BlackFideId "14109867"]
[WhiteElo "2311"]
[BlackElo "2399"]
[Result "1/2-1/2"]
[Round "03"]
[TimeControl "180+2"]
[Date "2023.01.17"]
[WhiteClock "0:00:05"]
[BlackClock "0:00:07"]

1. e4 c6 2. d4 d5 3. e5 Bf5 4. h4 h5 5. Bd3 Bxd3 6. Qxd3 e6 7. Bg5 Qa5+ 8. Nd2 Qa6 9. c4 Bb4 10. b3 Nd7 11. Ne2 Ne7 12. O-O Ng6 13. Nf3 Be7 14. g3 Bxg5 15. Nxg5 Ne7 16. Qc3 Nf5 17. Nf4 g6 18. Rac1 O-O 19. Rfd1 Rfe8 20. Qf3 Kg7 21. cxd5 cxd5 22. Rc7 Rad8 23. Nxh5+ gxh5 24. Qxh5 Nh6 25. Nh3 Qb6 26. Rc3 Rh8 27. Rf3 Nf5 28. Qg5+ Kf8 29. h5 Rg8 30. Qf4 Rc8 31. g4 Qb5 32. Kh2 Qe2 33. gxf5 Qxd1 34. fxe6 Nxe5 35. dxe5 Rg7 36. h6 Rh7 37. exf7 Rc1 38. e6 Qh1+ 39. Kg3 Qd1 40. e7+ Kxe7 41. f8=Q+ Kd7 42. Q8f5+ Kc6 43. Qg6+ Kb5 44. Qa4+ Kc5 45. Qa5+ b5 46. Qc7+ Kb4 47. Rf4+ Ka3 48. Qcd6+ Kb2 49. Qxh7 Qd3+ 50. Kh4 Qxh7 51. Qe5+ Kxa2 52. Qg5 Qd3 53. Rg4 Rc3 54. Rg3 Qe4+ 55. Rg4 Qd3 56. Rg3 Qe4+ 57. Rg4 Qd3 1/2-1/2


[Site "https://www.chess.com"]

[Event "Titled Tuesday Blitz January 17 Late 2023"]
[White "Martinez Ramirez, Lennis"]
[Black "Andrews, Todd"]
[WhiteFideId "3509079"]
[BlackFideId "2012456"]
[WhiteElo "2426"]
[BlackElo "2220"]
[Result "0-1"]
[Round "03"]
[TimeControl "180+2"]
[Date "2023.01.17"]
[WhiteClock "0:00:01"]
[BlackClock "0:00:10"]

1. c4 e5 2. Nc3 Nc6 3. g3 f5 4. Bg2 Nf6 5. e3 d5 6. cxd5 Nb4 7. d3 Nfxd5 8. Nxd5 Nxd5 9. a3 Nf6 10. Ne2 Bd6 11. b4 O-O 12. O-O c6 13. Qb3+ Kh8 14. Bb2 Qe8 15. f4 exf4 16. Nxf4 Qxe3+ 17. Kh1 Ng4 18. Qc2 Bxf4 19. gxf4 Qe7 20. Rae1 Qh4 21. Bf3 Bd7 22. Qg2 Rae8 23. Qg3 Nf2+ 24. Kg2 Qxg3+ 25. hxg3 Rxe1 26. Rxe1 Nxd3 27. Rd1 Nxb2 28. Rxd7 Rb8 29. Kh3 h6 30. Be2 Na4 31. Bd3 g6 32. Rd6 Kg7 33. Rd7+ Kf6 34. Rd6+ Kf7 35. Bc4+ Kg7 36. Rd7+ Kf8 37. Rf7+ Ke8 38. Rh7 Rd8 39. Bf7+ Kf8 40. Bxg6 Rd3 41. Rxb7 Rxa3 42. Rxa7 Ra2 43. Bxf5 Nc3 44. Rh7 Nd1 45. Be6 Nf2+ 46. Kh4 Ne4 47. Bh3 Rh2 48. Rxh6 Nf2 49. Kg5 Rxh3 50. Rxc6 Rxg3+ 51. Kf6 Ke8 52. f5 Kd7 53. Ra6 Rf3 0-1


[Site "https://www.chess.com"]

[Event "Titled Tuesday Blitz January 17 Late 2023"]
[White "Urbina Perez, Juan Antonio"]
[Black "Flores Quillas, Diego Saul Rodri"]
[WhiteFideId "2217368"]
[BlackFideId "3822508"]
[WhiteElo "2266"]
[BlackElo "2359"]
[Result "1-0"]
[Round "03"]
[TimeControl "180+2"]
[Date "2023.01.17"]
[WhiteClock "0:00:34"]
[BlackClock "0:00:09"]

1. e4 c5 2. Nf3 d6 3. Bb5+ Nd7 4. d4 cxd4 5. Qxd4 a6 6. Bxd7+ Bxd7 7. Nc3 Nf6 8. O-O e5 9. Qd3 h6 10. a4 Bc6 11. Nd2 Be7 12. Nc4 O-O 13. Ne3 Qd7 14. Rd1 b5 15. axb5 axb5 16. Rxa8 Rxa8 17. Ned5 Nxd5 18. Nxd5 Bd8 19. Be3 Rc8 20. c3 Qe6 21. f3 Bg5 22. Bxg5 hxg5 23. Nb4 Qb3 24. Rd2 g4 25. Qxd6 gxf3 26. gxf3 Qc4 27. Nxc6 Rxc6 28. Qd8+ Kh7 29. Qd5 Rg6+ 30. Kf2 Qc7 31. Ke3 Qb6+ 32. Ke2 Rg2+ 33. Kd1 Qg1+ 34. Kc2 Qxh2 35. b3 g5 36. Qxf7+ Kh6 37. Qf6+ Kh5 38. Qh8+ Kg6 39. Qxh2 1-0


[Site "https://www.chess.com"]

[Event "Titled Tuesday Blitz January 17 Late 2023"]
[White "Haydon, David L"]
[Black "Hajiyev, Kanan"]
[WhiteFideId "415405"]
[BlackFideId "13404148"]
[WhiteElo "2253"]
[BlackElo "2197"]
[Result "1-0"]
[Round "03"]
[TimeControl "180+2"]
[Date "2023.01.17"]
[WhiteClock "0:01:30"]
[BlackClock "0:00:15"]

1. e4 c6 2. Nf3 d5 3. exd5 cxd5 4. d4 Nc6 5. Bd3 Bg4 6. c3 e6 7. Bf4 Bd6 8. Bg3 Nf6 9. Nbd2 O-O 10. O-O Bxg3 11. hxg3 Rb8 12. Re1 Qc7 13. a3 Rfc8 14. Rc1 b5 15. b4 a5 16. Nb3 e5 17. dxe5 Nxe5 18. Be2 Nxf3+ 19. gxf3 Be6 20. Nxa5 h5 21. Qd4 Nd7 22. Bd3 g6 23. Bxg6 Qb6 24. Bd3 Qxd4 25. cxd4 Nb6 26. Bxb5 Nc4 27. Bxc4 dxc4 28. Re5 h4 29. g4 Ra8 30. d5 Bd7 31. Rxc4 Rxc4 32. Nxc4 Bb5 33. Nd6 Bd3 34. Re8+ Rxe8 35. Nxe8 Be2 36. Kg2 Kf8 37. Nd6 h3+ 38. Kxh3 Bxf3 39. b5 Bxd5 40. b6 Ke7 41. b7 1-0


[Site "https://www.chess.com"]

[Event "Titled Tuesday Blitz January 17 Late 2023"]
[White "Djokic, Mihailo"]
[Black "Mortazavi, Ali"]
[WhiteFideId "976440"]
[BlackFideId "401323"]
[WhiteElo "2192"]
[BlackElo "2333"]
[Result "1-0"]
[Round "03"]
[TimeControl "180+2"]
[Date "2023.01.17"]
[WhiteClock "0:00:15"]
[BlackClock "0:00:03"]

1. e4 c6 2. d4 d5 3. e5 Bf5 4. h4 c5 5. dxc5 Nc6 6. Nc3 d4 7. Nce2 Nb4 8. Ng3 Nxc2+ 9. Qxc2 Bxc2 10. Bb5+ Qd7 11. Bxd7+ Kxd7 12. Nf3 d3 13. Be3 Nh6 14. Nd4 e6 15. Nxc2 dxc2 16. Rc1 Ng4 17. Bd4 Kc6 18. f3 Rd8 19. Ne2 Nh6 20. Rxc2 Nf5 21. Bf2 h5 22. g4 hxg4 23. fxg4 Nh6 24. Nd4+ Kd5 25. c6 Bb4+ 26. Ke2 Nxg4 27. c7 Rc8 28. Nb5 Nxf2 29. Kxf2 a6 30. Rd1+ Kxe5 31. Na7 Ba5 32. Nxc8 Rxc8 33. Rc5+ Kf6 34. Rxa5 Rxc7 35. Rd2 Rc4 36. h5 Rf4+ 37. Kg3 Rf1 38. Ra3 Rg1+ 39. Kf4 Rh1 40. Rb3 Rxh5 41. Rxb7 g5+ 42. Kg3 Kg6 43. Rf2 f5 44. Rb6 f4+ 45. Kg2 Kf5 46. Rxa6 Rh6 47. b4 g4 48. b5 f3+ 49. Kg1 Kf4 50. Ra4+ Kg3 51. b6 e5 52. Rb4 e4 53. b7 e3 54. b8=Q+ Kh3 55. Rh2# 1-0


[Site "https://www.chess.com"]

[Event "Titled Tuesday Blitz January 17 Late 2023"]
[White "Kleiman, Jake"]
[Black "Perez Perez, Gabriel"]
[WhiteFideId "2020041"]
[BlackFideId "32089147"]
[WhiteElo "2399"]
[BlackElo "2185"]
[Result "0-1"]
[Round "03"]
[TimeControl "180+2"]
[Date "2023.01.17"]
[WhiteClock "0:00:04"]
[BlackClock "0:00:03"]

1. e4 g6 2. d4 Bg7 3. Nc3 d6 4. Be3 a6 5. h3 b5 6. Nf3 Bb7 7. Bd3 Nf6 8. Qd2 b4 9. Ne2 Nxe4 10. Qxb4 Qc8 11. c4 c5 12. Qa4+ Qd7 13. Qc2 cxd4 14. Nexd4 Nc5 15. Be2 O-O 16. b4 Ne6 17. Rd1 Nxd4 18. Bxd4 Bxd4 19. Rxd4 Nc6 20. Rh4 Qf5 21. Qb2 Rfb8 22. O-O Bc8 23. a3 Ra7 24. Qd2 Qf6 25. Qh6 Qg7 26. Qe3 Rc7 27. Re1 Bf5 28. Bf1 Rbc8 29. Qb6 Nb8 30. Rd4 Rc6 31. Qb7 Bd7 32. Rxe7 Be6 33. h4 Qf6 34. h5 g5 35. Qa7 g4 36. Nh2 Kf8 37. Rb7 Qd8 38. Nxg4 R6c7 39. Rxc7 Rxc7 40. Qb6 Nc6 41. Rd2 Bxg4 42. Qe3 Be6 43. Qh6+ Ke7 44. c5 d5 45. Bc4 Rd7 46. Bd3 Qf8 47. Qf4 Qg7 48. Re2 Nd4 49. Re3 Nb5 50. Bxb5 axb5 51. h6 Qa1+ 52. Kh2 Rd8 53. Re5 Qd1 54. Qh4+ Kd7 55. Rg5 Qd2 56. Rg7 Qe2 57. Rxh7 Qe5+ 58. g3 Qf5 59. Kg1 Qxh7 60. Qf4 Qe4 61. Qd6+ Ke8 62. Qc6+ Ke7 63. Qc7+ Rd7 64. Qc6 Qb1+ 65. Kh2 Qh7 66. Qxb5 Qxh6+ 67. Kg1 Qc1+ 68. Kg2 d4 69. c6 Bd5+ 70. Kh3 Qh6+ 71. Kg4 Be6+ 72. Kf3 Rd5 73. Qb7+ Kf6 74. c7 Qh5+ 75. Ke4 Qf5# 0-1


[Site "https://www.chess.com"]

[Event "Titled Tuesday Blitz January 17 Late 2023"]
[White "Leiva, Gianmarco"]
[Black "Papayan, Oleg"]
[WhiteFideId "3804399"]
[BlackFideId "4193911"]
[WhiteElo "2392"]
[BlackElo "2253"]
[Result "1-0"]
[Round "03"]
[TimeControl "180+2"]
[Date "2023.01.17"]
[WhiteClock "0:00:05"]
[BlackClock "0:00:03"]

1. e4 d5 2. exd5 Qxd5 3. Nc3 Qd8 4. d4 c6 5. Bc4 Bf5 6. Nf3 e6 7. O-O Nd7 8. Re1 Be7 9. h3 Ngf6 10. Nh4 Bg6 11. Nxg6 hxg6 12. Bf1 O-O 13. g3 Nb6 14. Bg2 Nbd5 15. Ne2 b5 16. Bg5 Rc8 17. a4 b4 18. a5 c5 19. Qd3 c4 20. Qf3 c3 21. b3 Rc6 22. Qd3 Rd6 23. Kf1 Qd7 24. Ng1 Nh5 25. Nf3 Bxg5 26. Nxg5 Ne7 27. Red1 Rd8 28. Nf3 Nc6 29. Qb5 Nxd4 30. Qxd7 R8xd7 31. Ne5 Rd8 32. Nc4 R6d7 33. Ne5 Rd6 34. Nc4 R6d7 35. Rdc1 Nf6 36. Ra4 Rb8 37. Ne5 Rc7 38. a6 Rb6 39. Nd3 Nb5 40. Rxb4 Nd5 41. Bxd5 exd5 42. Re1 Nd6 43. Rxb6 axb6 44. Nb4 d4 45. Rd1 Nb5 46. Ke2 Kf8 47. Kd3 f5 48. Re1 Kf7 49. Nd5 Ra7 50. Ra1 Ke6 51. Nxb6 Kd6 52. Nc4+ Kc5 53. Ne5 Nc7 54. Nxg6 Nxa6 55. Ke2 Kb6 56. h4 Nb4 57. Rxa7 Kxa7 58. Kd1 Kb6 59. Ne7 f4 60. g4 Kc5 61. h5 Nd5 62. g5 Kd6 63. Nxd5 Kxd5 64. h6 gxh6 65. gxh6 Ke6 66. h7 1-0


[Site "https://www.chess.com"]

[Event "Titled Tuesday Blitz January 17 Late 2023"]
[White "UnknownMagician"]
[Black "Golding, Alex"]
[BlackFideId "427241"]
[WhiteElo "2629"]
[BlackElo "2318"]
[Result "0-1"]
[Round "03"]
[TimeControl "180+2"]
[Date "2023.01.17"]
[WhiteClock "0:00:17"]
[BlackClock "0:00:17"]

1. c4 e5 2. Nc3 Nf6 3. g3 Bb4 4. Bg2 O-O 5. Nf3 Nc6 6. O-O d6 7. d3 Bg4 8. Bd2 a5 9. h3 Bh5 10. a3 Bxc3 11. Bxc3 Re8 12. Nd2 a4 13. Re1 Qd7 14. b3 axb3 15. Qxb3 Ra7 16. e3 Bg6 17. d4 e4 18. Qb2 Qe7 19. g4 h6 20. Rab1 Rea8 21. d5 Ne5 22. Bxe5 dxe5 23. a4 b6 24. Qc2 Rxa4 25. Nxe4 Nxe4 26. Bxe4 Ra2 27. Qd3 R8a3 28. d6 cxd6 29. Bxg6 Rxd3 30. Bxd3 Qc7 31. Rb5 g6 32. Reb1 Ra6 33. Rd5 Kg7 34. Kg2 Ra5 35. Rbb5 Rxb5 36. Rxb5 Qc6+ 37. Kg3 Kf6 38. f3 Ke6 39. h4 f5 40. h5 fxg4 41. hxg6 Qxf3+ 42. Kh2 g3+ 0-1


[Site "https://www.chess.com"]

[Event "Titled Tuesday Blitz January 17 Late 2023"]
[White "Fishbein, Mitch"]
[Black "Atanasov, Anthony"]
[WhiteFideId "30922917"]
[BlackFideId "2623897"]
[WhiteElo "2120"]
[BlackElo "2368"]
[Result "1/2-1/2"]
[Round "03"]
[TimeControl "180+2"]
[Date "2023.01.17"]
[WhiteClock "0:00:25"]
[BlackClock "0:00:01"]

1. d4 e5 2. e3 d6 3. dxe5 dxe5 4. Qxd8+ Kxd8 5. Bc4 f6 6. e4 c6 7. Be3 Kc7 8. a4 Nh6 9. f3 Na6 10. Bxa6 bxa6 11. Nc3 Be6 12. Nge2 f5 13. Bxh6 gxh6 14. exf5 Bxf5 15. Ne4 Rg8 16. N2g3 Bxe4 17. fxe4 Rd8 18. Ke2 h5 19. Rad1 Rxd1 20. Rxd1 h4 21. Nf5 Rxg2+ 22. Kd3 h3 23. Rd2 c5 24. b3 c4+ 25. bxc4 Bc5 26. Nh4 Bf2 27. Nf3 Kd6 28. Re2 h5 29. Ng5 Bg1 30. Nxh3 Rxe2 31. Kxe2 Bxh2 32. Kf3 Kc5 33. Kg2 Bf4 34. Nxf4 exf4 35. e5 h4 36. a5 Kc6 37. Kf3 h3 38. Kf2 Kc5 39. Kf3 Kc6 40. Kf2 Kc5 41. Kf3 Kc6 1/2-1/2


[Site "https://www.chess.com"]

[Event "Titled Tuesday Blitz January 17 Late 2023"]
[White "Sanchez, Robert"]
[Black "Pershin, Denis"]
[WhiteFideId "2034360"]
[BlackFideId "24165506"]
[WhiteElo "1966"]
[BlackElo "2366"]
[Result "0-1"]
[Round "03"]
[TimeControl "180+2"]
[Date "2023.01.17"]
[WhiteClock "0:00:03"]
[BlackClock "0:00:07"]

1. e4 c5 2. Nf3 e6 3. d4 cxd4 4. Nxd4 Nf6 5. Nc3 d6 6. Bd3 Nc6 7. Nxc6 bxc6 8. O-O Be7 9. Be3 e5 10. h3 O-O 11. f4 exf4 12. Bxf4 Be6 13. Rb1 Nd7 14. Kh1 Ne5 15. Bxe5 dxe5 16. Qe2 Rb8 17. Bc4 Bxc4 18. Qxc4 Qd4 19. Qxc6 Bb4 20. Nd5 Bd2 21. c3 Qd3 22. Rbd1 Rxb2 23. Rf3 Qe2 24. Rdf1 Bf4 25. Nxf4 exf4 26. Rg1 Qd2 27. e5 Rb6 28. Qe4 g5 29. Qf5 h6 30. Rd3 Qc2 31. Rgd1 Rb2 32. Qg4 Re8 33. h4 Rxe5 34. Rd8+ Kg7 35. R8d3 Qe2 36. Qh3 Re3 37. Rxe3 Qxd1+ 38. Kh2 fxe3 0-1


[Site "https://www.chess.com"]